 Dungeon Crawl Stone Soup version 0.23-a0-171-g5ae17c6e89 (webtiles) character file.

1079 Holzbalken the Grave Robber (level 8, -9/52 HPs)
             Began as a Demonspawn Necromancer on Sept 14, 2018.
             Killed by nerve-wracking pain
             ... invoked by Grinder
              (12 damage)
             ... while paralysed by Grinder
             ... on level 5 of the Dungeon.
             The game lasted 00:29:17 (6156 turns).

Holzbalken the Grave Robber (DsNe)                  Turns: 6156, Time: 00:29:18

Health: -9/52      AC:  8    Str:  8    XL:     8   Next: 8%
Magic:  16/16      EV:  2    Int: 17    God:
Gold:   274        SH:  0    Dex: 16    Spells: 14/18 levels left

rFire    + + .     SeeInvis .   x - +4 flail
rCold    . . .     Gourm    .   (no shield)
rNeg     . . .     Faith    .   u - +2 leather armour {rF+}
rPois    +         Spirit   .   (no helmet)
rElec    .         Reflect  .   (no cloak)
rCorr    .         Harm     .   p - +2 pair of gloves
MR       .....                  (no boots)
Stlth    ++........             (no amulet)
HPRegen  0.17/turn              m - ring of protection from fire
MPRegen  0.15/turn              A - ring of poison resistance

@: paralysed
A: talons 1, spiny 2
a: no special abilities


You were on level 5 of the Dungeon.
You were not hungry.

You visited 1 branch of the dungeon, and saw 5 of its levels.

You collected 274 gold pieces.

Inventory:

Hand Weapons
 r - a +0 flail
 x - a +4 flail (weapon)
Armour
 a - a +0 robe
 e - a +0 shield
 g - a +0 chain mail of fire resistance
 h - a +0 pair of gloves
 p - a +2 pair of gloves (worn)
 u - a +2 leather armour of fire resistance (worn)
Jewellery
 m - a ring of protection from fire (left hand)
 o - an uncursed ring of fire
 A - a ring of poison resistance (right hand)
 B - a cursed ring of attention {unknown}
Wands
 f - a wand of digging (10)
 q - a wand of acid (16)
Scrolls
 j - a scroll of fog
 l - 2 scrolls of enchant armour
 v - 2 scrolls of teleportation {unknown}
 y - a scroll of immolation {unknown}
 z - a scroll of noise {unknown}
Potions
 b - a potion of haste {unknown}
 d - a potion of might {unknown}
 i - a potion of brilliance {unknown}
 k - 2 potions of lignification
 n - a potion of flight {unknown}
 s - a potion of mutation {unknown}
 t - a potion of degeneration {unknown}
Comestibles
 c - 7 rations
 w - a chunk of flesh


   Skills:
 + Level 4.1 Dodging
 - Level 1.7 Stealth
 * Level 5.8 Spellcasting
 * Level 7.9 Necromancy


You had 14 spell levels left.
You knew the following spells:

 Your Spells              Type           Power        Failure   Level  Hunger
a - Pain                  Necr           ####         1%          1    None
b - Vampiric Draining     Necr           ####......   2%          3    ##.....

Your spell library contained the following spells:

 Spells                   Type           Power        Failure   Level  Hunger
 Animate Skeleton         Necr           N/A          1%          1    None
 Animate Dead             Necr           N/A          7%          4    ####...
 Regeneration             Chrm/Necr      ###.......   11%         3    ##.....


Dungeon Overview and Level Annotations

Branches:
Dungeon (5/15)
 Temple: D:4-7

Altars:
Cheibriados
Dithmenos
Elyvilon
Fedhas
Kikubaaqudgha
Okawaru
Sif Muna
Zin

Annotations:
D:5 Grinder


Innate Abilities, Weirdness & Mutations

You have sharp toenails.
You are mostly covered in sharp spines.


Message History

Grinder is heavily wounded.
Grinder hits you but does no damage.
You sock Grinder! You claw Grinder.
Grinder is severely wounded.
Grinder gestures at you. Pain shoots through your body!
* * * LOW HITPOINT WARNING * * *
You closely miss Grinder. You claw Grinder.
Grinder is almost dead.
Grinder gestures at you.
You suddenly lose the ability to move!
Grinder grins, showing sharp teeth.
Grinder hits you!
* * * LOW HITPOINT WARNING * * *
You writhe in agony.
* * * LOW HITPOINT WARNING * * *
Grinder blinks!
Grinder gestures at you. Pain shoots through your body!
You die...

#.#..#......##..###..##..........
#.#..#..........# #..##..........
#.#..#......##..# #..##..#.......
..#..#..........# #..##....#..#.#
..#..#......##..# #..##.#..#..#.#
###..#......##..###.............#
.....#......##....#...........###
.....#......# #.#.#.5..#.........
######......#
#.@ยง....####..#.###
............# #......##_##.......
............# #.######...########
............# #.#_..###'###.._#..
................#..##.....##..###
..##.#####..#####.#'.......'#.#..
..##+ #.... ###....8....##### .
.....## ###...8...8...###.
......# ##.#...........#.##


You could see Grinder.

Vanquished Creatures
  Duvessa (D:5)
  An ogre (D:5)
  2 phantoms (D:4)
  Dowan (D:5)
  A scorpion (D:4)
  2 howler monkeys (D:5)
  A crimson imp (D:5)
  A bullfrog skeleton (D:5)
  A centaur zombie (D:5)
  2 hounds
  An orc wizard (D:3)
  Ijyb (D:5)
  An iguana (D:4)
  Terence (D:2)
  A worker ant (D:4)
  14 adders
  An adder skeleton (D:5)
  A worm (D:4)
  A leopard gecko (D:4)
  19 orcs
  3 ball pythons
  6 giant cockroaches
  5 goblins
  5 hobgoblins
  11 jackals
  4 kobolds
  3 quokkas
  8 bats
  10 frilled lizards
  A leopard gecko skeleton (D:4)
  9 rats
119 creatures vanquished.

Notes
Turn   | Place    | Note
-------+----------+-------------------------------------------
     0 | D:1      | Holzbalken the Demonspawn Necromancer began the quest for
                  | the Orb.
     0 | D:1      | Reached XP level 1. HP: 13/13 MP: 3/3
   344 | D:1      | Gained mutation: You are partially covered in sharp spines.
                  | [demonic ancestry]
   344 | D:1      | Reached XP level 2. HP: 18/19 MP: 3/5
  1022 | D:2      | Reached XP level 3. HP: 15/24 MP: 0/6
  1330 | D:2      | Reached skill level 5 in Necromancy
  1928 | D:2      | Reached XP level 4. HP: 26/30 MP: 2/8
  2168 | D:2      | Noticed Terence
  2175 | D:2      | Killed Terence
  2807 | D:3      | Learned a level 3 spell: Vampiric Draining
  3149 | D:3      | Reached XP level 5. HP: 14/35 MP: 0/10
  3628 | D:4      | Reached skill level 6 in Necromancy
  3675 | D:4      | Found an ancient bone altar of Kikubaaqudgha.
  3686 | D:4      | Gained mutation: You have sharp toenails. [demonic
                  | ancestry]
  3686 | D:4      | Reached XP level 6. HP: 39/41 MP: 7/11
  4000 | D:5      | Entered Level 5 of the Dungeon
  4501 | D:4      | HP: 1/41 [phantom (4)]
  4836 | D:4      | Gained mutation: You are mostly covered in sharp spines.
                  | [demonic ancestry]
  4836 | D:4      | Reached XP level 7. HP: 24/46 MP: 12/14
  4996 | D:5      | Noticed Ijyb
  5004 | D:5      | Killed Ijyb
  5004 | D:5      | Reached skill level 7 in Necromancy
  5124 | D:5      | Found a deep blue altar of Sif Muna.
  5131 | D:5      | Found a glowing silver altar of Zin.
  5137 | D:5      | Found an iron altar of Okawaru.
  5144 | D:5      | Found a white marble altar of Elyvilon.
  5149 | D:5      | Found a blossoming altar of Fedhas.
  5156 | D:5      | Found a snail-covered altar of Cheibriados.
  5163 | D:5      | Found a shadowy altar of Dithmenos.
  5222 | D:5      | Noticed Duvessa
  5223 | D:5      | Noticed Dowan
  5232 | D:5      | Killed Duvessa
  5232 | D:5      | Reached skill level 5 in Spellcasting
  5234 | D:5      | Killed Dowan
  5878 | D:5      | Reached XP level 8. HP: 49/52 MP: 13/16
  6139 | D:5      | Noticed Grinder
  6154 | D:5      | Paralysed by Grinder for 6 turns
  6156 | D:5      | Killed from afar by Grinder

Vault maps used:
D:1:      onia_arrival_larder, serial_glass, glass_columns_b, glass_columns_c,
          due_unseen_surprise, minmay_strange_pillars, minmay_strange_pillars,
          minmay_strange_pillars
D:2:      minmay_misc_feat_tower, minmay_cut_off, uniq_terence
D:3:      kennysheep_generic_room_15
D:4:      lemuel_crystal_altar, st_stairs_6
D:5:      grunt_temple_overflow_octagram, gammafunk_temple_overflow_wave,
          first_ration, kennysheep_generic_room_4, uniq_ijyb, uniq_grinder,
          uniq_duvessa

Skill      XL: |  1  2  3  4  5  6  7 |
---------------+----------------------+-----
Dodging        | 2 3 4 |  4.1
Necromancy     | 5 6 7 |  7.9
Spellcasting   | 3 4 5 |  5.8
Stealth        | |  1.7

Action                   |  1- 3 |  4- 6 |  7- 9 || total
-------------------------+-------+-------+-------++-------
Melee: Unarmed           |    27 |     9 |       ||    36
       Flail             |       |    38 |    26 ||    64
       Kick              |       |     8 |     8 ||    16
 Cast: Pain              |    61 |   111 |    43 ||   215
  Use: Scroll            |       |     5 |     1 ||     6
       Potion            |       |     2 |       ||     2
  Eat: Chunk             |     3 |     9 |     5 ||    17
Armor: Robe              |    14 |    12 |     2 ||    28
       Leather armour    |       |       |     8 ||     8
Dodge: Dodged            |    29 |    47 |    22 ||    98

Table legend:
 A = Non-vault XP
 B = Vault XP
 C = Vault XP percentage of total XP
 D = Non-vault monster count
 E = Vault monster count
 F = Vault count percentage of total count
                 A         B        C        D         E       F
            +---------+---------+-------+---------+---------+-------
      Total |    1164 |     378 |  24.5 |     100 |      19 |  16.0
            +---------+---------+-------+---------+---------+-------
        D:1 |      34 |      12 |  26.1 |      15 |       8 |  34.8
        D:2 |      84 |      39 |  31.7 |      24 |       3 |  11.1
        D:3 |     138 |       3 |   2.1 |      27 |       2 |   6.9
        D:4 |     452 |      56 |  11.0 |      17 |       2 |  10.5
        D:5 |     456 |     268 |  37.0 |      17 |       4 |  19.0
            +---------+---------+-------+---------+---------+-------
